 Dungeon Crawl Stone Soup version 0.22.1-5-g62c59d9 (webtiles) character file.

816 wyoknott the Chopper (level 7, -8/61 HPs)
             Began as a Minotaur Fighter on Jan 11, 2019.
             Mangled by an orc warrior
             ... wielding a +2 halberd of venom
              (18 damage)
             ... on level 6 of the Dungeon.
             The game lasted 00:13:10 (3020 turns).

wyoknott the Chopper (Minotaur Fighter)             Turns: 3020, Time: 00:13:10

Health: -8/61      AC:  4    Str: 22    XL:     7   Next: 62%
Magic:  6/6        EV: 10    Int:  0    God:
Gold:   57         SH: 10    Dex: 12    Spells: 6/6 levels left

rFire    . . .     SeeInvis .   t - +2 war axe (flame)
rCold    . . .     Gourm    .   c - +0 shield
rNeg     . . .     Faith    .   o - +1 leather armour of Knowledge {rPois Int-5 Dex+2}
rPois    +         Spirit   .   (helmet restricted)
rElec    .         Reflect  .   (no cloak)
rCorr    .         Harm     .   (no gloves)
MR       .....                  (no boots)
Stlth    +.........             (no amulet)
HPRegen  0.20/turn              (no ring)
MPRegen  0.10/turn              (no ring)

@: lethally poisoned (-8 -> -25), slowed, lost intelligence, very slow
A: retaliatory headbutt, horns 2
a: no special abilities


You were on level 6 of the Dungeon.
You were not hungry.

You visited 1 branch of the dungeon, and saw 4 of its levels.
You also visited: Ossuary.

You collected 57 gold pieces.

Inventory:

Hand Weapons
 a - a +0 war axe
 g - a +0 vampiric dagger
 t - a +2 war axe of flaming (weapon)
Missiles
 k - 79 stones (quivered)
Armour
 b - a +0 scale mail
 c - a +0 shield (worn)
 j - a +0 ring mail of positive energy
 o - the +1 leather armour of Knowledge (worn) {rPois Int-5 Dex+2}
   (You found it on level 6 of the Dungeon)

   It affects your intelligence (-5).
   It affects your dexterity (+2).
   It protects you from poison.
Scrolls
 d - a scroll of fear
 l - a scroll of enchant weapon {unknown}
 q - a scroll of remove curse {unknown}
 r - a scroll of holy word {unknown}
 s - a scroll of teleportation
 u - a scroll of amnesia {unknown}
Potions
 e - 2 potions of resistance
 h - a potion of agility
 i - a potion of heal wounds {unknown}
 m - a potion of berserk rage {unknown}
 n - 2 potions of haste
 p - a potion of curing


   Skills:
 + Level 5.6 Fighting
 + Level 0.3 Short Blades
 + Level 7.1 Axes
 + Level 0.1 Throwing
 + Level 5.2 Armour
 + Level 2.2 Dodging
 + Level 5.5 Shields


You had 6 spell levels left.
You didn't know any spells.
Your spell library was empty.

Dungeon Overview and Level Annotations

Branches:
Dungeon (3/15)

Altars:
Ru
Uskayaw


Innate Abilities, Weirdness & Mutations

You reflexively headbutt those who attack you in melee.
You have a pair of horns on your head.


Message History

Your headbutt misses the orc warrior.
The orc warrior is severely wounded.
The orc warrior hits you with a halberd of venom!!
You hit the orc warrior. You burn the orc warrior.
Your headbutt misses the orc warrior.
The orc warrior is almost dead.
The orc warrior closely misses you. The orc warrior barely misses you.
You hit the orc warrior but do no damage.
Your headbutt misses the orc warrior.
The orc warrior is almost dead.
The orc warrior hits you with a halberd of venom!!
* * * LOW HITPOINT WARNING * * *
You are lethally poisoned!
The orc warrior completely misses you.
You closely miss the orc warrior. Your headbutt misses the orc warrior.
The orc warrior is almost dead.
* * * LOW HITPOINT WARNING * * *
You feel very sick.
The orc warrior hits you with a halberd of venom!!
You die...

#.# #
#.# #..#
#.# ...
#.# ..#
#.# ..#
#.# #.#
#.# #o#
#.# #o#
#.####@#
#....#.#
#.#....#
#.#.####
#####


You could see an orc warrior and an orc.

Vanquished Creatures
  An ice beast (D:6)
  An elf zombie (Ossuary)
  3 bullfrogs (D:6)
  2 human zombies (Ossuary)
  A gnoll shaman (D:6)
  Natasha (thrice) (D:2)
  2 big kobold zombies (Ossuary)
  A hound skeleton (D:6)
  2 mummies (Ossuary)
  Robin (D:2)
  9 gnolls
  3 adders
  2 adder zombies (Ossuary)
  A worm (D:2)
  A dart slug (D:1)
  3 leopard geckos
  An orc (D:6)
  A giant cockroach (D:2)
  7 goblins
  13 hobgoblins
  8 jackals
  3 kobolds
  10 bats
  2 frilled lizards
  8 hobgoblin zombies (Ossuary)
  2 jackal zombies (Ossuary)
  9 kobold zombies (Ossuary)
  11 orc zombies (Ossuary)
  A quokka skeleton (D:2)
  6 rats
118 creatures vanquished.

Notes
Turn   | Place    | Note
-------+----------+-------------------------------------------
     0 | D:1      | wyoknott the Minotaur Fighter began the quest for the Orb.
     0 | D:1      | Reached XP level 1. HP: 19/19 MP: 0/0
   132 | D:1      | Reached XP level 2. HP: 15/27 MP: 1/1
   730 | D:1      | Reached XP level 3. HP: 24/33 MP: 2/2
   931 | D:2      | Found a sacrificial altar of Ru.
  1063 | D:2      | Noticed Robin
  1071 | D:2      | Noticed Natasha
  1073 | D:2      | Reached skill level 3 in Axes
  1079 | D:2      | Killed Robin
  1079 | D:2      | Reached XP level 4. HP: 12/40 MP: 3/3
  1079 | D:2      | Killed Natasha
  1282 | D:2      | Reached skill level 1 in Dodging
  1293 | D:2      | Reached XP level 5. HP: 24/46 MP: 4/4
  1293 | D:2      | Noticed Natasha
  1309 | D:2      | Killed Natasha
  1309 | D:2      | Reached skill level 4 in Axes
  1329 | D:2      | Noticed Natasha
  1349 | D:2      | HP: 1/46 [Natasha (3)]
  1352 | D:2      | Killed Natasha
  1736 | D:3      | Found a hide-covered altar of Uskayaw.
  1874 | D:3      | You fall through a shaft for 3 floors!
  1874 | D:6      | Found a sand-covered staircase.
  1879 | Ossuary  | Entered an ossuary
  1922 | Ossuary  | Reached skill level 5 in Shields
  2006 | Ossuary  | Reached XP level 6. HP: 16/53 MP: 5/5
  2015 | Ossuary  | Reached skill level 5 in Axes
  2342 | Ossuary  | Reached skill level 5 in Fighting
  2513 | D:6      | Reached skill level 5 in Armour
  2563 | D:6      | Reached skill level 6 in Axes
  2563 | D:6      | Reached XP level 7. HP: 61/61 MP: 6/6
  2583 | D:6      | Got a warped leather armour
  2607 | D:6      | Identified the +1 leather armour of Knowledge {rPois Int-5
                  | Dex+2} (You found it on level 6 of the Dungeon)
  2607 | D:6      | Lost intelligence.
  2772 | D:6      | Reached skill level 7 in Axes
  3020 | D:6      | Mangled by an orc warrior

Skill      XL: |  1  2  3  4  5  6  7 |
---------------+----------------------+-----
Shields        | 4 5 |  5.5
Armour         | 4 5 |  5.2
Axes           | 3 4 6 7 |  7.1
Fighting       | 4 5 |  5.6
Dodging        | 1 2 |  2.2
Short Blades   | |  0.3
Throwing       | |  0.1

Action                   |  1- 3 |  4- 6 |  7- 9 || total
-------------------------+-------+-------+-------++-------
Melee: War axe           |    76 |   158 |    23 ||   257
       Headbutt          |     6 |    25 |     2 ||    33
       Dagger            |       |     7 |       ||     7
Throw: Stone             |     5 |     2 |       ||     7
  Use: Scroll            |     4 |     2 |       ||     6
       Potion            |     1 |     2 |       ||     3
  Eat: Ration            |     1 |     2 |     1 ||     4
Armor: Scale mail        |    35 |       |       ||    35
       Ring mail         |    38 |    66 |     4 ||   108
       Skin              |       |     7 |       ||     7
       Leather armour    |       |       |     1 ||     1
Dodge: Dodged            |    45 |    64 |    16 ||   125
Block: Shield            |    81 |   117 |    23 ||   221
